 Dungeon Crawl Stone Soup version 0.30-a0-279-g4b46babb21 (webtiles) character file.

Game seed: 2916951016013771041

126 Lanoc the Sneak (level 5, -2/33 HPs)
             Began as a Kobold Delver on Oct 16, 2022.
             Was an Initiate of Wu Jian.
             Shot with an arrow by a centaur (8 damage)
             ... on level 5 of the Dungeon.
             The game lasted 00:03:08 (928 turns).

Lanoc the Sneak (Kobold Delver)                      Turns: 928, Time: 00:03:09

Health: -2/33      AC:  3    Str: 10    XL:     5   Next: 31%
Magic:  5/5        EV: 15    Int: 11    God:    Wu Jian [......]
Gold:   35         SH:  0    Dex: 18    Spells: 4/4 levels left

rFire   . . .      SeeInvis .    k - +0 dagger (pain)
rCold   . . .      Faith    .    (no shield)
rNeg    . . .      Spirit   .    b - +0 leather armour
rPois   .          Reflect  .    (no helmet)
rElec   .          Harm     .    (no cloak)
rCorr   .          Rampage  .    (no gloves)
Will    .....                    (no boots)
Stlth   +++++.....               (no amulet)
HPRegen 0.25/turn                (no ring)
MPRegen 0.09/turn                (no ring)

@: no status effects
A: small, no large weapons, nightstalker 3
a: Renounce Religion


You were on level 5 of the Dungeon.
You worshipped Wu Jian.
Wu Jian was noncommittal.
You visited 2 branches of the dungeon, and saw 3 of its levels.

You collected 35 gold pieces.

Inventory:

Hand Weapons
 a - a +0 short sword
 k - a +0 dagger of pain (weapon)
Armour
 b - a +0 leather armour (worn)
Wands
 g - a wand of digging (3)
Scrolls
 c - a scroll of fog
 d - a scroll of magic mapping
 e - a scroll of fear
Potions
 f - a potion of haste


   Skills:
 + Level 4.0 Fighting
 + Level 3.8 Short Blades
 + Level 3.4 Dodging
 * Level 7.9 Stealth


You had 4 spell levels left.
You didn't know any spells.
Your spell library was empty.

Dungeon Overview and Level Annotations

Branches:
Dungeon (5/15)             Temple (1/1) D:5

Altars:
Ashenzari
Dithmenos
Elyvilon
Fedhas
Gozag
Hepliaklqana
Kikubaaqudgha
Makhleb
Okawaru
Ru
Sif Muna
Trog
Uskayaw
Vehumet
Wu Jian
Xom
Yredelemnul
The Shining One


Innate Abilities, Weirdness & Mutations

You are small and have problems with some larger weapons.
You are completely attuned to the shadows.


Message History

You climb upwards.
There is a staircase to the Ecumenical Temple here.
Found a stone staircase leading down.
Found 6 stones.
Found a blossoming altar of Fedhas.
Found an ancient bone altar of Kikubaaqudgha.
You see here 6 stones.
Found a scale mail.
Found a shimmering blue altar of Sif Muna.
A centaur comes into view.
There is a fountain of clear blue water here.
The centaur shouts!
You hear a bark!
The centaur wields a +0 shortbow.
The centaur shoots an arrow.
The arrow hits you!
An adder comes into view.
The centaur shoots an arrow.
The arrow closely misses you.
You hear an angry hiss.
Found a stone staircase leading up.
You lunge at the centaur.
You hit the centaur.
The centaur is lightly wounded.
A hound comes into view.
The centaur unwields a +0 shortbow.
The centaur misses you. The centaur completely misses you.
You hit the centaur.
The centaur is lightly wounded.
The centaur hits you.
The centaur kicks you but does no damage.
The centaur barely misses you. x2; The centaur closely misses you.
The centaur misses you. The adder attacks as you move away!
The adder bites you.
The centaur wields a +0 shortbow.
The centaur shoots an arrow.
The arrow hits you. The adder closely misses you.
The hound stops to sniff the ground.
The hound bites you.
The centaur shoots an arrow.
The arrow hits you.
* * * LOW HITPOINT WARNING * * *
The hound bites you.
* * * LOW HITPOINT WARNING * * *
There is a stone staircase leading up here.
The adder misses you.
The centaur shoots an arrow.
The arrow hits you!
You die...

### ......... #.#
......... .. ####.##
.......... ..###.....#
...............#......#
.......@...##...)..#..##
.....chS.##.##....##..##
..........# ......##....
............ #...##>...#
#....._......##.......##
...!...............####
._..⌠.................##
.......................#
..[..._................#


You could see a centaur, a hound and an adder.

Vanquished Creatures
  A hound (D:4)
  An orc priest (D:4)
  An orc wizard (D:4)
  3 adders
  5 orcs (D:4)
  An endoplasm (D:4)
  A giant cockroach (D:4)
  A goblin (D:4)
14 creatures vanquished.

Notes
Turn   | Place    | Note
-------+----------+-------------------------------------------
     0 | D:5      | Lanoc the Kobold Delver began the quest for the Orb.
     0 | D:5      | Reached XP level 1. HP: 14/14 MP: 1/1
    48 | D:5      | Reached XP level 2. HP: 19/19 MP: 2/2
   197 | D:4      | Reached skill level 7 in Stealth
   197 | D:4      | Reached XP level 3. HP: 23/23 MP: 3/3
   216 | D:4      | Noticed a black bear
   217 | D:4      | Noticed a scorpion
   219 | D:4      | Reached XP level 4. HP: 29/29 MP: 4/4
   365 | D:4      | Reached XP level 5. HP: 13/33 MP: 5/5
   615 | D:5      | Found a staircase to the Ecumenical Temple.
   622 | Temple   | Entered the Ecumenical Temple
   862 | Temple   | Became a worshipper of the Wu Jian Council
   912 | D:5      | Found a blossoming altar of Fedhas.
   915 | D:5      | Found an ancient bone altar of Kikubaaqudgha.
   918 | D:5      | Found a shimmering blue altar of Sif Muna.
   919 | D:5      | Noticed a centaur
   928 | D:5      | Shot with an arrow by a centaur

Illustrated notes

Levels and vault maps discovered:
D:4:      layout_cave_pods, amcnicky_altar_gilded, uniq_blork_the_orc
D:5:      layout_cave_pools, grunt_temple_overflow_open,
          minmay_temple_entry_gardened_gates, grunt_decor_cap,
          hangedman_decor_push
Temple:   regret_index_temple_generic_petals

Skill      XL: |  1  2  3  4  5 |
---------------+----------------+-----
Short Blades   | 3 |  3.8
Dodging        | 3 |  3.4
Stealth        | 7 |  7.9
Fighting       | 4 |  4.0

Action                   |  1- 3 |  4- 6 || total
-------------------------+-------+-------++-------
Melee: Short sword       |     7 |       ||     7
       Dagger            |     1 |    87 ||    88
       Punch             |       |     1 ||     1
Invok: Lunge             |       |     1 ||     1
  Use: Potion            |       |     6 ||     6
 Stab: Sleeping          |     8 |     1 ||     9
Armor: Leather armour    |       |     9 ||     9
Dodge: Dodged            |       |    39 ||    39

Table legend: (Time is in decaauts)
 A = Elapsed time spent in this place.
 B = Non-inter-level travel time spent in this place.
 C = Inter-level travel time spent in this place.
 D = Time resting spent in this place.
 E = Time spent auto-exploring this place.
 F = Levels seen in this place.
 G = Mean time per level.
                   A        B        C        D        E       F      G
               +--------+--------+--------+--------+--------+-----+--------+
         Total |    898 |    822 |     76 |      4 |    643 |   3 |  299.3 |
       Dungeon |    639 |    588 |     51 |      4 |    420 |   2 |  319.5 |
        Temple |    258 |    233 |     25 |      0 |    223 |   1 |  258.0 |
               +--------+--------+--------+--------+--------+-----+--------+

Top non-repeatable levels by time:
     D:4: 471 daAuts
  Temple: 258 daAuts
     D:5: 167 daAuts
